 Dungeon Sprint DCSS version 0.20.1-1-g8b1a95d (webtiles) character file.

615 OdinFK the Carver (level 7, -5/74 HPs)
             Began as a Minotaur Berserker on Oct 22, 2017.
             Was a Priest of Trog.
             Slain by Sonja
             ... wielding a +2 dagger of draining
              (8 damage)
             ... in the Dungeon (Sprint I: "Red Sonja").
             The game lasted 00:01:53 (438 turns).

OdinFK the Carver (Minotaur Berserker)               Turns: 438, Time: 00:01:53

Health: -5/74      AC:  3    Str: 24    XL:     7   Next: 21%
Magic:  6/6        EV: 12    Int:  4    God:    Trog [***...]
Gold:   313        SH:  0    Dex:  9    Spells: 6/6 levels left

rFire    . . .     SeeInvis .   a - +0 falchion
rCold    . . .     Gourm    .   (no shield)
rNeg     . . .     Faith    .   j - +0 leather armour
rPois    .         Spirit   .   (helmet restricted)
rElec    .         Reflect  .   (no cloak)
rCorr    .         Harm     .   (no gloves)
MR       .....     NoTele   +   (no boots)
Stlth    +.........             (no amulet)
Regen    0.3/turn               (no ring)
MPRegen  0.1/turn               (no ring)

@: berserk cooldown, slowed, very heavily drained, very slow
A: retaliatory headbutt, horns 2
a: Berserk, Trog's Hand, Burn Spellbooks, Renounce Religion


You were in the Dungeon.
You worshipped Trog.
Trog was most pleased with you.
You were not hungry.

You visited 1 branch You collected 313 gold pieces.

Inventory:

Hand Weapons
 a - a +0 falchion (weapon)
Armour
 b - a +0 animal skin
 j - a +0 leather armour (worn)
Scrolls
 i - a scroll of blinking
Potions
 e - a potion of heal wounds
 f - a potion of haste
 g - 2 potions of magic
 h - a potion of berserk rage
Comestibles
 c - a bread ration
 k - 4 chunks of flesh


   Skills:
 + Level 11.5(6.6) Fighting
 + Level 12.6(7.6) Long Blades
 + Level 5.7(1.4) Armour
 + Level 6.3(2.0) Dodging


You had 6 spell levels left.
You didn't know any spells.

Dungeon Overview and Level Annotations

Branches:
Dungeon (1/1)

Altars:
Cheibriados
Dithmenos
Elyvilon
Fedhas
Gozag
Hepliaklqana
Kikubaaqudgha
Makhleb
Nemelex Xobeh
Okawaru
Qazlal
Ru
Sif Muna
Trog
Uskayaw
Vehumet
Xom
Yredelemnul
Zin
The Shining One
Jiyva
Lugonu

Shops:
D [

Annotations:
D Sonja


Innate Abilities, Weirdness & Mutations

You reflexively headbutt those who attack you in melee.
You have a pair of horns on your head.


Message History

Your headbutt misses Sonja.
Sonja is moderately wounded.
Sonja hits you with an uncursed dagger of draining.
* * * LOW HITPOINT WARNING * * *
You feel drained.
Sonja hits you with an uncursed dagger of draining.
* * * LOW HITPOINT WARNING * * *
You feel drained.
* * * LOW HITPOINT WARNING * * *
You feel better. Sonja hits you but does no damage.
You feel drained.
Sonja hits you with an uncursed dagger of draining.
* * * LOW HITPOINT WARNING * * *
You feel drained.
* * * LOW HITPOINT WARNING * * *
Sonja hits you with an uncursed dagger of draining.
* * * LOW HITPOINT WARNING * * *
You feel drained.
* * * LOW HITPOINT WARNING * * *
Sonja hits you with an uncursed dagger of draining!
You die...

###################
#<.#..)..#..'..#__#
#..'..#..').#..'..+
#..#####'#####'#__#
#..####..#...#.####
#..#__####..##.#
#..#_____##'#..+
#⌠⌠#_.∩...÷.(._#
####_..__##_@#'#
#_____###K#[#
####### #.### $.$
#$.$# ##.## #+#


You could see Sonja.

Vanquished Creatures
  A slime creature (D)
  Sigmund (D)
  A yak (D)
  An ogre (D)
  A jelly (D)
  Ijyb (D)
6 creatures vanquished.

Notes
Turn   | Place    | Note
-------+----------+-------------------------------------------
     0 | D        | OdinFK the Minotaur Berserker began the quest for the Orb.
     0 | D        | Reached XP level 1. HP: 19/19 MP: 0/0
     1 | D        | Noticed Ijyb
     9 | D        | Killed Ijyb
     9 | D        | Reached skill level 5 in Fighting
     9 | D        | Reached skill level 5 in Long Blades
     9 | D        | Reached XP level 2. HP: 20/29 MP: 1/1
    23 | D        | Noticed an ogre
    28 | D        | Killed an ogre
    28 | D        | Reached skill level 8 in Long Blades
    28 | D        | Reached XP level 3. HP: 30/39 MP: 2/2
    28 | D        | Reached XP level 4. HP: 36/47 MP: 3/3
   100 | D        | Noticed Sigmund
   106 | D        | Killed Sigmund
   106 | D        | Reached ** piety under Trog
   106 | D        | Reached skill level 10 in Long Blades
   106 | D        | Reached skill level 5 in Armour
   106 | D        | Reached skill level 5 in Dodging
   106 | D        | Reached XP level 5. HP: 35/57 MP: 4/4
   232 | D        | Found a deep blue altar of Sif Muna.
   234 | D        | Found a radiant altar of Vehumet.
   237 | D        | Reached XP level 6. HP: 65/66 MP: 5/5
   270 | D        | Found a viscous altar of Jiyva.
   270 | D        | Found a corrupted altar of Lugonu.
   270 | D        | Noticed a slime creature
   271 | D        | Found a burning altar of Makhleb.
   271 | D        | Found a shimmering altar of Xom.
   280 | D        | Killed a slime creature
   280 | D        | Reached skill level 12 in Long Blades
   288 | D        | Found Jofo's Antique Armour Emporium.
   288 | D        | Found an ancient bone altar of Kikubaaqudgha.
   288 | D        | Found a hazy altar of Hepliaklqana.
   288 | D        | Found a stormy altar of Qazlal.
   288 | D        | Found a hide-covered altar of Uskayaw.
   288 | D        | Found a blossoming altar of Fedhas.
   288 | D        | Found a bloodstained altar of Trog.
   288 | D        | Found an iron altar of Okawaru.
   288 | D        | Found a basalt altar of Yredelemnul.
   288 | D        | Found a glowing golden altar of the Shining One.
   288 | D        | Found a snail-covered altar of Cheibriados.
   288 | D        | Found a sacrificial altar of Ru.
   288 | D        | Found a glowing silver altar of Zin.
   288 | D        | Found a shadowy altar of Dithmenos.
   288 | D        | Found a white marble altar of Elyvilon.
   288 | D        | Noticed a yak
   299 | D        | Killed a yak
   299 | D        | Reached *** piety under Trog
   299 | D        | Reached XP level 7. HP: 48/74 MP: 6/6
   415 | D        | Found an opulent altar of Gozag.
   418 | D        | Found a sparkling altar of Nemelex Xobeh.
   427 | D        | Noticed Sonja
   438 | D        | HP: 3/74 [Sonja/uncursed dagger of draining (1)]
   438 | D        | Slain by Sonja

Skill      XL: |  1  2  3  4  5  6 |
---------------+-------------------+-----
Fighting       | 5 7 9 11 | 11.5
Long Blades    | 5 8 10 12 | 12.6
Armour         | 3 4 5 |  5.7
Dodging        | 3 4 5 6 |  6.3

Action                   |  1- 3 |  4- 6 |  7- 9 || total
-------------------------+-------+-------+-------++-------
Melee: Falchion          |    11 |    27 |     5 ||    43
       Headbutt          |     5 |     8 |       ||    13
Invok: Berserk           |       |       |     1 ||     1
  Use: Potion            |       |       |     1 ||     1
Armor: Leather armour    |       |       |     4 ||     4
Dodge: Dodged            |     7 |    12 |     9 ||    28
       Rpst.: Falchion   |     2 |     2 |     2 ||     6
